[ PARTIDA AOE2 · #495840933 ]
UnrankedPersas vs Huns
[ ANÁLISIS DE REPETICIÓN · EXTRAÍDO DE LA PARTIDA GRABADA ]
Feudal
14:00
Castillos
—
Imperial
—
| APM promedio | 27.3 |
| APM pico | 50 |
| eAPM promedio | 9.6 |
| Aldeanos / militares | 27 / 2 |
Foco
⚔️ 14.7% · 🌾 85.3%
Spearman ×2
Feudal
15:18
Castillos
—
Imperial
—
| APM promedio | 33.9 |
| APM pico | 68 |
| eAPM promedio | 12.3 |
| Aldeanos / militares | 26 / 0 |
Foco
⚔️ 10.9% · 🌾 89.1%
Feudal
—
Castillos
—
Imperial
—
| APM promedio | 70.0 |
| APM pico | 117 |
| eAPM promedio | 19.9 |
| Aldeanos / militares | 38 / 0 |
Foco
⚔️ 32.1% · 🌾 67.9%
Feudal
12:45
Castillos
—
Imperial
—
| APM promedio | 28.2 |
| APM pico | 63 |
| eAPM promedio | 12.5 |
| Aldeanos / militares | 39 / 4 |
Foco
⚔️ 21.7% · 🌾 78.3%
Scout Cavalry ×4
Feudal
—
Castillos
—
Imperial
—
| APM promedio | 35.4 |
| APM pico | 66 |
| eAPM promedio | 14.5 |
| Aldeanos / militares | 21 / 0 |
Foco
⚔️ 7.0% · 🌾 93.0%
Feudal
13:25
Castillos
—
Imperial
—
| APM promedio | 44.9 |
| APM pico | 89 |
| eAPM promedio | 16.8 |
| Aldeanos / militares | 35 / 9 |
Foco
⚔️ 18.5% · 🌾 81.5%
Scout Cavalry ×9
Feudal
11:49
Castillos
—
Imperial
—
| APM promedio | 27.2 |
| APM pico | 44 |
| eAPM promedio | 16.1 |
| Aldeanos / militares | 30 / 10 |
Foco
⚔️ 29.0% · 🌾 71.0%
Archer ×10
Feudal
14:59
Castillos
—
Imperial
—
| APM promedio | 24.8 |
| APM pico | 47 |
| eAPM promedio | 12.9 |
| Aldeanos / militares | 27 / 0 |
Foco
⚔️ 32.2% · 🌾 67.8%
Mapa de la partida
Recursos iniciales + cada clic de construcción. Líneas = muros · curvas = relieve. ◆ oro · ⬟ piedra · ● bayas · ✦ reliquia · ◌ hueco del cierre
Tu base· Abierta — flanco sin cerrar
Base de Krispy· Abierta — flanco sin cerrar
Base de OzoneMX2022· Abierta — flanco sin cerrar
Base de Dadagama· Abierta — flanco sin cerrar
Base de cquonck· Abierta — flanco sin cerrar
Base de LaPosta· Abierta — flanco sin cerrar
Base de Tafari Makonnen· Abierta — flanco sin cerrar
Base de Lordbaldomero23· Abierta — flanco sin cerrar
Terreno inicial suavizado · ◌ = hueco del cierre detectado · pasá el cursor para detalles
Inputs por minuto
— KatarnRedfield - - Krispy
Build order — KatarnRedfield
51 acciones detectadas en el replay
| 0:31 | Construir | Town Center |
| 1:26 | Construir | House |
| 1:27 | Construir | House |
| 2:48 | Crear | Villager (Male) |
| 2:49 | Crear | Villager (Male) |
| 2:49 | Crear | Villager (Male) |
| 2:49 | Crear | Villager (Male) |
| 2:50 | Crear | Villager (Male) |
| 4:25 | Construir | House |
| 4:28 | Construir | House |
| 4:36 | Construir | House |
| 4:41 | Crear | Villager (Male) |
| 4:42 | Crear | Villager (Male) |
| 5:00 | Crear | Villager (Male) |
| 5:00 | Crear | Villager (Male) |
| 5:10 | Construir | House |
| 6:01 | Crear | Villager (Male) |
| 6:02 | Crear | Villager (Male) |
| 6:10 | Construir | Lumber Camp |
| 6:25 | Investigar | Loom |
| 6:25 | Crear | Villager (Male) |
| 6:45 | Crear | Villager (Male) |
| 6:45 | Crear | Villager (Male) |
| 7:11 | Crear | Villager (Male) |
| 7:12 | Crear | Villager (Male) |
| 7:12 | Crear | Villager (Male) |
| 8:43 | Crear | Villager (Male) |
| 9:01 | Crear | Villager (Male) |
| 9:21 | Crear | Villager (Male) |
| 9:22 | Crear | Villager (Male) |
| 9:22 | Crear | Villager (Male) |
| 10:21 | Crear | Villager (Male) |
| 10:21 | Crear | Villager (Male) |
| 11:21 | Construir | Mining Camp |
| 11:44 | Crear | Villager (Male) |
| 11:56 | Investigar | Feudal Age |
| 12:27 | Construir | Barracks |
| 12:40 | Construir | Mill |
| 13:10 | Construir | House |
| 13:43 | Crear | Villager (Male) |
| 13:43 | Crear | Villager (Male) |
| 14:00 | Edad | Edad Feudal |
| 14:09 | Construir | Stable |
| 14:16 | Construir | Market |
| 14:30 | Crear | Spearman |
| 14:56 | Construir | House |
| 15:00 | Construir | House |
| 15:12 | Investigar | Castle Age |
| 15:16 | Construir | House |
| 16:20 | Crear | Spearman |
| 16:25 | Construir | House |
Build order — Krispy
45 acciones detectadas en el replay
| 0:28 | Construir | Town Center |
| 1:06 | Construir | House |
| 2:53 | Crear | Villager (Male) |
| 2:53 | Crear | Villager (Male) |
| 2:53 | Crear | Villager (Male) |
| 2:53 | Crear | Villager (Male) |
| 3:55 | Construir | House |
| 4:15 | Crear | Villager (Male) |
| 4:15 | Crear | Villager (Male) |
| 5:13 | Crear | Villager (Male) |
| 5:28 | Construir | Mill |
| 5:38 | Crear | Villager (Male) |
| 5:51 | Construir | House |
| 6:08 | Crear | Villager (Male) |
| 6:16 | Investigar | Loom |
| 6:19 | Crear | Villager (Male) |
| 6:19 | Crear | Villager (Male) |
| 6:46 | Crear | Villager (Male) |
| 6:46 | Crear | Villager (Male) |
| 7:35 | Crear | Villager (Male) |
| 7:47 | Crear | Villager (Male) |
| 7:47 | Crear | Villager (Male) |
| 8:08 | Crear | Villager (Male) |
| 8:21 | Crear | Villager (Male) |
| 8:33 | Crear | Villager (Male) |
| 8:54 | Construir | House |
| 9:12 | Crear | Villager (Male) |
| 9:25 | Construir | House |
| 10:09 | Construir | House |
| 10:45 | Crear | Villager (Male) |
| 11:02 | Crear | Villager (Male) |
| 11:59 | Construir | Mill |
| 12:17 | Construir | Mill |
| 12:28 | Construir | Mining Camp |
| 12:32 | Crear | Villager (Male) |
| 12:50 | Crear | Villager (Male) |
| 13:08 | Investigar | Feudal Age |
| 14:09 | Crear | Villager (Male) |
| 14:10 | Crear | Villager (Male) |
| 14:32 | Construir | Dock |
| 15:18 | Edad | Edad Feudal |
| 15:20 | Construir | Market |
| 15:23 | Construir | Blacksmith |
| 16:14 | Investigar | Castle Age |
| 16:25 | Construir | Mining Camp |
Build order — OzoneMX2022
65 acciones detectadas en el replay
| 0:12 | Construir | Town Center |
| 2:32 | Crear | Villager (Male) |
| 2:32 | Crear | Villager (Male) |
| 2:33 | Crear | Villager (Male) |
| 2:44 | Crear | Villager (Male) |
| 2:44 | Crear | Villager (Male) |
| 3:59 | Crear | Villager (Male) |
| 4:11 | Crear | Villager (Male) |
| 4:11 | Crear | Villager (Male) |
| 5:10 | Construir | Lumber Camp |
| 5:48 | Crear | Villager (Male) |
| 5:48 | Crear | Villager (Male) |
| 5:48 | Crear | Villager (Male) |
| 5:49 | Crear | Villager (Male) |
| 5:49 | Crear | Villager (Male) |
| 6:49 | Crear | Villager (Male) |
| 7:05 | Investigar | Loom |
| 7:05 | Investigar | Loom |
| 7:35 | Crear | Villager (Male) |
| 7:35 | Crear | Villager (Male) |
| 7:36 | Crear | Villager (Male) |
| 7:36 | Crear | Villager (Male) |
| 7:36 | Crear | Villager (Male) |
| 7:41 | Construir | Palisade Wall |
| 7:42 | Construir | Palisade Wall |
| 7:48 | Construir | Palisade Wall |
| 7:52 | Construir | Palisade Wall |
| 8:09 | Crear | Villager (Male) |
| 8:09 | Crear | Villager (Male) |
| 8:49 | Construir | Palisade Wall |
| 8:52 | Construir | Palisade Wall |
| 9:13 | Crear | Villager (Male) |
| 9:13 | Crear | Villager (Male) |
| 9:57 | Crear | Villager (Male) |
| 9:57 | Crear | Villager (Male) |
| 9:57 | Crear | Villager (Male) |
| 10:56 | Crear | Villager (Male) |
| 10:57 | Crear | Villager (Male) |
| 12:06 | Construir | Lumber Camp |
| 12:14 | Crear | Villager (Male) |
| 12:31 | Crear | Villager (Male) |
| 13:04 | Crear | Villager (Male) |
| 13:04 | Crear | Villager (Male) |
| 13:08 | Construir | Mill |
| 13:42 | Construir | Palisade Wall |
| 13:44 | Construir | Palisade Wall |
| 13:45 | Construir | Palisade Wall |
| 13:49 | Construir | Palisade Wall |
| 13:54 | Construir | Palisade Wall |
| 13:56 | Construir | Palisade Wall |
| 13:59 | Construir | Palisade Wall |
| 14:08 | Construir | Palisade Wall |
| 14:14 | Crear | Villager (Male) |
| 14:14 | Crear | Villager (Male) |
| 14:14 | Crear | Villager (Male) |
| 14:14 | Crear | Villager (Male) |
| 14:46 | Construir | Palisade Wall |
| 14:48 | Construir | Palisade Wall |
| 14:52 | Construir | Palisade Wall |
| 15:03 | Construir | Palisade Wall |
| 15:08 | Crear | Villager (Male) |
| 15:34 | Crear | Villager (Male) |
| 15:44 | Investigar | Feudal Age |
| 15:45 | Investigar | Feudal Age |
| 16:47 | Construir | Barracks |
Build order — Dadagama
63 acciones detectadas en el replay
| 1:08 | Construir | Town Center |
| 1:40 | Construir | House |
| 3:04 | Crear | Villager (Male) ×5 |
| 3:04 | Crear | Villager (Male) ×5 |
| 3:49 | Construir | House |
| 4:27 | Construir | Lumber Camp |
| 4:33 | Construir | House |
| 4:34 | Construir | House |
| 5:02 | Crear | Villager (Male) |
| 5:02 | Crear | Villager (Male) |
| 5:36 | Crear | Villager (Male) |
| 6:00 | Crear | Villager (Male) |
| 6:00 | Crear | Villager (Male) |
| 6:37 | Crear | Villager (Male) |
| 6:37 | Crear | Villager (Male) |
| 6:37 | Crear | Villager (Male) |
| 6:44 | Construir | House |
| 6:58 | Construir | House |
| 7:05 | Crear | Villager (Male) |
| 7:05 | Crear | Villager (Male) |
| 7:34 | Crear | Villager (Male) |
| 8:01 | Construir | Mill |
| 8:09 | Crear | Villager (Male) |
| 8:09 | Crear | Villager (Male) |
| 8:21 | Construir | House |
| 8:28 | Crear | Villager (Male) |
| 8:28 | Crear | Villager (Male) |
| 8:28 | Crear | Villager (Male) |
| 9:16 | Crear | Villager (Male) |
| 9:28 | Crear | Villager (Male) |
| 9:56 | Investigar | Loom |
| 10:41 | Investigar | Feudal Age |
| 10:48 | Construir | House |
| 11:24 | Construir | House |
| 11:35 | Construir | Barracks |
| 11:41 | Construir | House |
| 12:06 | Crear | Villager (Male) |
| 12:06 | Crear | Villager (Male) |
| 12:17 | Construir | House |
| 12:24 | Construir | Palisade Wall |
| 12:34 | Construir | Palisade Wall |
| 12:45 | Edad | Edad Feudal |
| 12:49 | Investigar | Double-Bit Axe |
| 12:55 | Construir | Stable |
| 13:32 | Crear | Villager (Male) |
| 13:32 | Crear | Villager (Male) |
| 13:46 | Construir | Blacksmith |
| 14:03 | Crear | Villager (Male) |
| 14:03 | Crear | Villager (Male) |
| 14:27 | Construir | Mining Camp |
| 14:32 | Crear | Villager (Male) |
| 14:40 | Crear | Scout Cavalry |
| 14:41 | Crear | Scout Cavalry |
| 14:41 | Crear | Scout Cavalry |
| 14:41 | Crear | Scout Cavalry |
| 14:45 | Investigar | Forging |
| 15:10 | Construir | House |
| 15:17 | Crear | Villager (Male) |
| 15:37 | Crear | Villager (Male) |
| 15:51 | Investigar | Scale Barding Armor |
| 16:18 | Crear | Villager (Male) |
| 16:38 | Crear | Villager (Male) |
| 16:44 | Construir | House |
Build order — cquonck
38 acciones detectadas en el replay
| 1:09 | Construir | Town Center |
| 1:28 | Construir | House |
| 3:03 | Crear | Villager (Male) |
| 3:03 | Crear | Villager (Male) |
| 3:03 | Crear | Villager (Male) |
| 4:04 | Investigar | Loom |
| 4:28 | Construir | House |
| 4:39 | Crear | Villager (Male) |
| 4:39 | Crear | Villager (Male) |
| 4:40 | Crear | Villager (Male) |
| 4:40 | Crear | Villager (Male) |
| 5:35 | Crear | Villager (Male) |
| 6:09 | Crear | Villager (Male) |
| 6:55 | Construir | House |
| 7:10 | Construir | Palisade Wall |
| 7:12 | Construir | Lumber Camp |
| 7:16 | Construir | Palisade Wall |
| 7:21 | Construir | Palisade Wall |
| 7:37 | Construir | Palisade Wall |
| 7:39 | Construir | Palisade Wall |
| 8:03 | Crear | Villager (Male) |
| 8:03 | Crear | Villager (Male) |
| 8:05 | Crear | Villager (Male) |
| 8:42 | Construir | House |
| 9:52 | Crear | Villager (Male) |
| 9:53 | Crear | Villager (Male) |
| 10:31 | Crear | Villager (Male) |
| 11:16 | Crear | Villager (Male) |
| 11:36 | Crear | Villager (Male) |
| 12:23 | Construir | Palisade Wall |
| 12:28 | Construir | Palisade Wall |
| 12:58 | Construir | Mill |
| 13:00 | Crear | Villager (Male) |
| 13:01 | Crear | Villager (Male) |
| 13:29 | Crear | Villager (Male) |
| 14:30 | Crear | Villager (Male) |
| 14:33 | Construir | House |
| 14:34 | Construir | House |
Build order — LaPosta
69 acciones detectadas en el replay
| 1:11 | Construir | Town Center |
| 3:03 | Construir | House |
| 3:03 | Construir | House |
| 3:33 | Crear | Villager (Male) |
| 3:33 | Crear | Villager (Male) |
| 3:34 | Crear | Villager (Male) |
| 3:34 | Crear | Villager (Male) |
| 4:10 | Construir | Lumber Camp |
| 4:47 | Crear | Villager (Male) |
| 4:48 | Crear | Villager (Male) |
| 5:14 | Crear | Villager (Male) |
| 5:14 | Crear | Villager (Male) |
| 5:16 | Investigar | Loom |
| 5:50 | Crear | Villager (Male) |
| 5:50 | Crear | Villager (Male) |
| 6:06 | Investigar | Loom |
| 6:25 | Construir | House |
| 6:26 | Construir | House |
| 7:11 | Crear | Villager (Male) |
| 7:11 | Crear | Villager (Male) |
| 7:24 | Crear | Villager (Male) |
| 7:24 | Crear | Villager (Male) |
| 7:32 | Crear | Villager (Male) |
| 7:32 | Crear | Villager (Male) |
| 8:20 | Construir | Mill |
| 8:21 | Crear | Villager (Male) |
| 8:21 | Crear | Villager (Male) |
| 9:01 | Crear | Villager (Male) |
| 9:01 | Crear | Villager (Male) |
| 9:07 | Crear | Villager (Male) |
| 9:07 | Crear | Villager (Male) |
| 9:08 | Crear | Villager (Male) |
| 9:08 | Crear | Villager (Male) |
| 9:29 | Crear | Villager (Male) |
| 9:29 | Crear | Villager (Male) |
| 10:22 | Crear | Villager (Male) |
| 10:23 | Crear | Villager (Male) |
| 11:15 | Investigar | Feudal Age |
| 11:15 | Investigar | Feudal Age |
| 11:36 | Construir | Mining Camp |
| 12:23 | Construir | Barracks |
| 12:29 | Construir | House |
| 12:33 | Crear | Villager (Male) |
| 12:33 | Crear | Villager (Male) |
| 13:25 | Edad | Edad Feudal |
| 13:27 | Construir | Stable |
| 13:31 | Crear | Villager (Male) |
| 13:32 | Crear | Villager (Male) |
| 13:32 | Investigar | Town Watch |
| 13:44 | Construir | House |
| 13:56 | Investigar | Double-Bit Axe |
| 14:08 | Crear | Scout Cavalry |
| 14:09 | Crear | Scout Cavalry |
| 14:17 | Crear | Scout Cavalry |
| 14:18 | Crear | Scout Cavalry |
| 14:37 | Construir | Stable |
| 14:51 | Construir | House |
| 14:52 | Construir | House |
| 15:10 | Crear | Scout Cavalry |
| 15:10 | Crear | Scout Cavalry |
| 15:10 | Crear | Scout Cavalry |
| 15:40 | Crear | Scout Cavalry |
| 15:41 | Crear | Scout Cavalry |
| 16:12 | Crear | Villager (Male) |
| 16:12 | Crear | Villager (Male) |
| 16:16 | Construir | Blacksmith |
| 16:18 | Crear | Villager (Male) |
| 16:24 | Construir | Lumber Camp |
| 16:55 | Investigar | Bloodlines |
Build order — Tafari Makonnen
60 acciones detectadas en el replay
| 0:11 | Construir | Town Center |
| 0:35 | Construir | House |
| 2:31 | Crear | Villager (Male) ×4 |
| 2:57 | Construir | Palisade Wall |
| 3:20 | Construir | House |
| 4:03 | Crear | Villager (Male) |
| 4:22 | Crear | Villager (Male) |
| 4:22 | Crear | Villager (Male) |
| 4:26 | Construir | Lumber Camp |
| 4:30 | Construir | House |
| 4:56 | Crear | Villager (Male) |
| 4:56 | Crear | Villager (Male) |
| 4:57 | Crear | Villager (Male) |
| 5:11 | Construir | House |
| 5:21 | Crear | Villager (Male) |
| 5:21 | Crear | Villager (Male) |
| 5:34 | Crear | Villager (Male) |
| 5:34 | Crear | Villager (Male) |
| 5:45 | Construir | House |
| 6:08 | Crear | Villager (Male) |
| 6:09 | Crear | Villager (Male) |
| 6:09 | Crear | Villager (Male) |
| 6:25 | Crear | Villager (Male) |
| 6:26 | Crear | Villager (Male) |
| 6:53 | Crear | Villager (Male) |
| 7:13 | Construir | House |
| 7:37 | Crear | Villager (Male) |
| 8:14 | Crear | Villager (Male) |
| 8:31 | Investigar | Loom |
| 8:55 | Construir | Barracks |
| 9:13 | Crear | Villager (Male) |
| 9:39 | Investigar | Feudal Age |
| 10:55 | Construir | Mill |
| 11:35 | Crear | Villager (Male) |
| 11:49 | Edad | Edad Feudal |
| 11:51 | Construir | Archery Range |
| 11:53 | Investigar | Double-Bit Axe |
| 11:53 | Crear | Villager (Male) |
| 12:05 | Crear | Villager (Male) |
| 12:27 | Construir | Blacksmith |
| 12:35 | Crear | Archer |
| 12:35 | Crear | Archer |
| 12:51 | Crear | Villager (Male) |
| 12:58 | Construir | House |
| 13:02 | Investigar | Fletching |
| 13:04 | Crear | Archer |
| 13:16 | Construir | House |
| 13:31 | Crear | Archer |
| 13:33 | Crear | Villager (Male) |
| 13:38 | Construir | House |
| 13:40 | Construir | Palisade Wall |
| 14:06 | Construir | Archery Range |
| 14:13 | Crear | Villager (Male) |
| 14:33 | Crear | Villager (Male) |
| 14:36 | Crear | Archer |
| 14:37 | Crear | Archer |
| 15:35 | Crear | Archer |
| 15:35 | Crear | Archer |
| 16:04 | Crear | Archer |
| 16:04 | Crear | Archer |
Build order — Lordbaldomero23
61 acciones detectadas en el replay
| 0:21 | Construir | Town Center |
| 0:30 | Construir | House |
| 2:42 | Crear | Villager (Male) |
| 2:42 | Crear | Villager (Male) |
| 2:42 | Crear | Villager (Male) |
| 2:42 | Crear | Villager (Male) |
| 2:43 | Crear | Villager (Male) |
| 2:45 | Construir | Mill |
| 3:17 | Construir | Palisade Wall |
| 3:20 | Construir | Palisade Wall |
| 3:21 | Construir | Palisade Wall |
| 3:22 | Construir | Palisade Wall |
| 4:06 | Construir | House |
| 4:16 | Construir | Palisade Wall |
| 4:23 | Investigar | Loom |
| 4:23 | Investigar | Loom |
| 4:53 | Crear | Villager (Male) |
| 4:54 | Crear | Villager (Male) |
| 4:54 | Crear | Villager (Male) |
| 5:10 | Crear | Villager (Male) |
| 5:10 | Crear | Villager (Male) |
| 5:46 | Crear | Villager (Male) |
| 5:46 | Crear | Villager (Male) |
| 5:47 | Crear | Villager (Male) |
| 6:09 | Crear | Villager (Male) |
| 6:32 | Crear | Villager (Male) |
| 7:06 | Crear | Villager (Male) |
| 7:09 | Construir | Lumber Camp |
| 7:12 | Construir | House |
| 7:47 | Crear | Villager (Male) |
| 8:08 | Crear | Villager (Male) |
| 8:31 | Construir | House |
| 8:36 | Crear | Villager (Male) |
| 9:09 | Crear | Villager (Male) |
| 9:12 | Construir | Mill |
| 9:36 | Construir | House |
| 9:38 | Crear | Villager (Male) |
| 10:08 | Crear | Villager (Male) |
| 10:17 | Construir | Palisade Wall |
| 10:22 | Crear | Villager (Male) |
| 10:48 | Crear | Villager (Male) |
| 10:50 | Construir | Palisade Wall |
| 11:12 | Crear | Villager (Male) |
| 11:20 | Crear | Villager (Male) |
| 11:54 | Construir | House |
| 12:07 | Construir | Palisade Wall |
| 12:11 | Crear | Villager (Male) |
| 12:25 | Investigar | Feudal Age |
| 12:25 | Investigar | Feudal Age |
| 12:45 | Construir | House |
| 12:49 | Construir | Palisade Wall |
| 13:06 | Construir | Mining Camp |
| 13:21 | Construir | Mining Camp |
| 14:59 | Edad | Edad Feudal |
| 15:03 | Construir | Market |
| 15:18 | Construir | Blacksmith |
| 15:31 | Construir | House |
| 15:39 | Construir | Blacksmith |
| 16:09 | Construir | Watch Tower |
| 16:48 | Investigar | Castle Age |
| 16:49 | Investigar | Castle Age |
Cronología de la partida
| 2:57 | Tafari Makonnen · wall_segment Palisade Wall x1 |
| 3:17 | Lordbaldomero23 · wall_segment Palisade Wall x1 |
| 3:20 | Lordbaldomero23 · wall_segment Palisade Wall x1 |
| 3:21 | Lordbaldomero23 · wall_segment Palisade Wall x1 |
| 3:22 | Lordbaldomero23 · wall_segment Palisade Wall x1 |
| 4:16 | Lordbaldomero23 · wall_segment Palisade Wall x1 |
| 7:10 | cquonck · wall_segment Palisade Wall x1 |
| 7:16 | cquonck · wall_segment Palisade Wall x1 |
| 7:21 | cquonck · wall_segment Palisade Wall x1 |
| 7:37 | cquonck · wall_segment Palisade Wall x1 |
| 7:39 | cquonck · wall_segment Palisade Wall x1 |
| 7:41 | OzoneMX2022 · wall_segment Palisade Wall x1 |
| 7:42 | OzoneMX2022 · wall_segment Palisade Wall x1 |
| 7:48 | OzoneMX2022 · wall_segment Palisade Wall x1 |
| 7:52 | OzoneMX2022 · wall_segment Palisade Wall x1 |
| 8:49 | OzoneMX2022 · wall_segment Palisade Wall x1 |
| 8:52 | OzoneMX2022 · wall_segment Palisade Wall x1 |
| 8:55 | Tafari Makonnen · first_building Barracks |
| 10:17 | Lordbaldomero23 · wall_segment Palisade Wall x11 |
| 10:50 | Lordbaldomero23 · wall_segment Palisade Wall x4 |
| 11:35 | Dadagama · first_building Barracks |
| 11:49 | Tafari Makonnen · age_up feudal |
| 11:51 | Tafari Makonnen · first_building Archery Range |
| 12:07 | Lordbaldomero23 · wall_segment Palisade Wall x4 |
| 12:23 | LaPosta · first_building Barracks |
| 12:23 | cquonck · wall_segment Palisade Wall x1 |
| 12:24 | Dadagama · wall_segment Palisade Wall x3 |
| 12:27 | KatarnRedfield · first_building Barracks |
| 12:28 | cquonck · wall_segment Palisade Wall x1 |
| 12:34 | Dadagama · wall_segment Palisade Wall x3 |
| 12:45 | Dadagama · age_up feudal |
| 12:49 | Lordbaldomero23 · wall_segment Palisade Wall x1 |
| 12:55 | Dadagama · first_building Stable |
| 13:25 | LaPosta · age_up feudal |
| 13:27 | LaPosta · first_building Stable |
| 13:40 | Tafari Makonnen · wall_segment Palisade Wall x1 |
| 13:42 | OzoneMX2022 · wall_segment Palisade Wall x1 |
| 13:44 | OzoneMX2022 · wall_segment Palisade Wall x1 |
| 13:45 | OzoneMX2022 · wall_segment Palisade Wall x1 |
| 13:49 | OzoneMX2022 · wall_segment Palisade Wall x1 |
| 13:54 | OzoneMX2022 · wall_segment Palisade Wall x1 |
| 13:56 | OzoneMX2022 · wall_segment Palisade Wall x1 |
| 13:59 | OzoneMX2022 · wall_segment Palisade Wall x1 |
| 14:00 | KatarnRedfield · age_up feudal |
| 14:08 | OzoneMX2022 · wall_segment Palisade Wall x1 |
| 14:09 | KatarnRedfield · first_building Stable |
| 14:32 | Krispy · first_building Dock |
| 14:46 | OzoneMX2022 · wall_segment Palisade Wall x1 |
| 14:48 | OzoneMX2022 · wall_segment Palisade Wall x1 |
| 14:52 | OzoneMX2022 · wall_segment Palisade Wall x1 |
| 14:59 | Lordbaldomero23 · age_up feudal |
| 15:03 | OzoneMX2022 · wall_segment Palisade Wall x1 |
| 15:18 | Krispy · age_up feudal |
| 15:55 | cquonck · resign |
| 16:47 | OzoneMX2022 · first_building Barracks |
[ ANÁLISIS IA · 1 CRÉDITO ]
¿Qué pasó realmente en esta partida?
Wolo.gg analiza cada decisión: build order, eco, micro, errores típicos por bracket. Análisis personalizado por WhatsApp o Discord en 30 segundos.
Guía civ
Persas
Perfil
KatarnRedfield